cohdb
Replays
Latest Replays
All Replays
Popular Replays
Top Player Replays
Match Explorer
How It Works
Community
CoH3 Stats
Reddit
Sign in to upload your games and track your stats! →
Sign in with Steam
Match 45282574
Unlisted
Match 45282574
Overview
Messages
Build Orders
End
Construct Infanterie Kompanie
Selects Terror Battlegroup
Selects Machine Gun Camouflage
Grenadier Squad
MG 42 Machine Gun Team
Grenadier Squad
Grenadier Squad
Construct Panzergrenadier Kompanie
Construct Luftwaffe Kompanie
Jäger Squad
Medical Bunker
Selects Contempt for the Weak
Bloodmoney2158
老公
Sixhead
Muad'Dib
Clarence Claymore
TheLintyNavel
0
0
Comments
sign in to comment!
No comments posted yet!